 Dungeon Sprint DCSS version 0.31-a0-536-ga3e2962e35 (webtiles) character file.

Game seed: 14947518624536101814

8700000 Conn the Archmage (level 19, -3/113 HPs)
             Began as a Felid Hedge Wizard on Aug 13, 2023.
             Killed from afar by a dread (34 damage)
             ... with damnation
             ... in the Dungeon (Sprint VIII: "Arena of Blood").
             The game lasted 00:06:28 (87 turns).

Conn the Archmage (Felid Hedge Wizard)                Turns: 87, Time: 00:06:28

Health: -3/113     AC:  3    Str: 12    XL:     19   Next: 41%
Magic:  51/51      EV: 38    Int: 16    God:
Gold:   0          SH:  0    Dex: 17    Spells: 71/72 levels left
                                        Lives:  0   Deaths: 6

rFire   . .          .
                       - Unarmed
rCold   + . .        (shield unavailable)
rNeg    . . .        (body armour unavailable)
rPois   .            (helmet unavailable)
rElec   .            (cloak unavailable)
rCorr   .            (gloves unavailable)
SInv    +            (boots unavailable)
Will    ++...        (no amulet)
Stlth   ++++++++++   g - +27000 ring of slaying
HPRegen 0.38/turn    d - ring of see invisible
MPRegen 0.32/turn

%: no teleportation
@: quick
A: very small, claws 1, fangs 3, see invisible, speed 1, shaggy fur 3, stealthy
paws, no weapons or thrown items, no armour, multi-lived
a: no special abilities


You were in the Dungeon.
You visited 1 branch

Inventory:

Jewellery
 d - a ring of see invisible (right paw)
 g - a +27000 ring of slaying (left paw)
Potions
 a - 3 potions of magic


   Skills:
 O Level 27 Fighting
 O Level 27 Dodging
 O Level 27 Stealth
 O Level 27 Unarmed Combat
 O Level 27 Spellcasting
 + Level 19.0 Conjurations
 + Level 26.7 Hexes
 O Level 27 Summonings
 + Level 19.7 Necromancy
 O Level 27 Translocations
 + Level 21.3 Transmutations
 + Level 17.3 Fire Magic
 + Level 17.3 Ice Magic
 + Level 17.3 Air Magic
 + Level 17.3 Earth Magic
 + Level 17.3 Poison Magic
 + Level 18.7 Invocations
 + Level 20.2 Evocations
 + Level 17.3 Shapeshifting


You had 71 spell levels left.
You knew the following spells:

 Your Spells              Type           Power      Damage    Failure   Level
a - Magic Dart            Conj           100%       1d8       0%          1

Your spell library contained the following spells:

 Spells                   Type           Power      Damage    Failure   Level
 Slow                     Hex            100%       N/A       0%          1
 Blink                    Tloc           100%       N/A       0%          2
 Call Imp                 Summ           100%       N/A       0%          2
 Cigotuvi's Dreadful Rot  Necr/Pois/Air  100%       N/A       0%          2
 Mephitic Cloud           Conj/Pois/Air  68%        N/A       0%          3


Dungeon Overview and Level Annotations

Branches:
Dungeon (1/1)

Altars:
Makhleb


Innate Abilities, Weirdness & Mutations

You have sharp claws.
You have razor-sharp teeth.
You have supernaturally acute eyesight. (SInv)
You cover ground quickly. (Speed+)
Your thick and shaggy fur keeps you warm. (AC +3, rC+)
Your paws help you pounce on unaware monsters.
You are incapable of wielding weapons or throwing items.
You cannot wear armour.
You gain extra lives every three experience levels.


Message History

Your Hexes skill increases to level 26!
Your Necromancy skill increases to level 19!
Your Transmutations skill increases to level 21!
Your Fire Magic skill increases to level 17!
Your Ice Magic skill increases to level 17!
Your Air Magic skill increases to level 17!
Your Earth Magic skill increases to level 17!
Your Poison Magic skill increases to level 17!
Your Invocations skill increases to level 18!
Your Shapeshifting skill increases to level 17!
Welcome back to level 19!
Unknown command.
You eviscerate the meat berserker!!!!!!!!!!!
You kill the meat berserker!
You hear a shout! x9
Your Evocations skill increases to level 20!
Unknown command.
You eviscerate the bag of meat!!!!!!!!!!!!
You kill the bag of meat!
You hear a shout! x3
The destroyer points at you and mumbles some strange words.
The destroyer blinks!
You hear a shout! x5
A bag of meat comes into view. It is wielding a +9 war axe. x3
You hear a shout!
The dread calls on the powers of darkness!
The bag of meat convulses! x2
The bag of meat shouts!
The bag of meat convulses! x9; The meat berserker convulses!
The bag of meat convulses! x5; Your body is wracked with pain!
* * * LOW HITPOINT WARNING * * *
You hear a shout! x2
Your Conjurations skill increases to level 19!
Unknown command.
You eviscerate the destroyer!!!!!!!!!!!
You destroy the destroyer!
You hear a roar!
You hear a shout! x5
The dread throws damnation at you.
The sphere of damnation explodes!
The damnation engulfs you!!
You die...

###############
####....)†....oW†z
#@).....))....o)))
#oo))......##.##.####
#..o2WVo............)...
..oO.o.####.....##.##...


oooo..# ............... W.o2.. ..........#.#... oo.o.o ..............o. o.###.
......o....o o.oO......o You could see 2 meat beasts, a destroyer, 2 dreads, a
meat berserker (berserk) and 16 bags of meat.

Vanquished Creatures
  Sigmund (D)
  A hell beast (D)
  6 vampire knights (D)
  10 ogres (D)
  A two-headed ogre (D)
  18 orcs (D)
  A skeletal warrior (D)
38 creatures vanquished.

Notes
Turn   | Place    | Note
-------+----------+-------------------------------------------
     0 | D        | Conn the Felid Hedge Wizard began the quest for the Orb.
     0 | D        | Reached XP level 1. HP: 7/7 MP: 5/5
     2 | D        | Noticed a bag of meat
     3 | D        | Noticed a bag of meat
     4 | D        | Noticed a meat berserker
     4 | D        | Noticed a meat berserker
     5 | D        | Noticed a bag of meat
     5 | D        | Noticed a bag of meat
     5 | D        | Noticed a bag of meat
     8 | D        | Noticed a bag of meat
     9 | D        | Noticed a bag of meat
    10 | D        | Noticed a meat berserker
    11 | D        | Noticed a bag of meat
    12 | D        | Noticed a bag of meat
    12 | D        | Noticed a bag of meat
    12 | D        | Noticed a bag of meat
    12 | D        | Noticed a meat berserker
    12 | D        | Noticed a meat berserker
    12 | D        | Noticed a bag of meat
    12 | D        | Noticed a destroyer
    12 | D        | Noticed a bag of meat
    12 | D        | Noticed a bag of meat
    12 | D        | Noticed a bag of meat
    13 | D        | Noticed a bag of meat
    13 | D        | Noticed a meat berserker
    14 | D        | Noticed a bag of meat
    14 | D        | Noticed a bag of meat
    16 | D        | Killed a bag of meat
    16 | D        | Noticed a meat berserker
    16 | D        | Noticed a bag of meat
    17 | D        | Reached XP level 2. HP: 11/11 MP: 5/24
    17 | D        | Reached XP level 3. HP: 14/14 MP: 5/25
    17 | D        | Reached XP level 4. HP: 18/18 MP: 5/27
    17 | D        | Reached XP level 5. HP: 21/21 MP: 5/28
    17 | D        | Gained mutation: You are covered in thick fur. (AC +2)
                  | [Felid growth]
    17 | D        | Reached XP level 6. HP: 24/24 MP: 5/30
    17 | D        | Reached XP level 7. HP: 27/27 MP: 5/31
    17 | D        | Reached XP level 8. HP: 31/31 MP: 5/33
    17 | D        | Reached XP level 9. HP: 34/34 MP: 5/34
    17 | D        | Reached XP level 10. HP: 37/37 MP: 5/35
    17 | D        | Killed a bag of meat
    17 | D        | Noticed a bag of meat
    18 | D        | Reached skill level 15 in Dodging
    18 | D        | Reached XP level 11. HP: 40/40 MP: 5/38
    18 | D        | Killed a meat berserker
    18 | D        | Noticed a meat berserker
    18 | D        | Noticed a bag of meat
    18 | D        | Noticed a bag of meat
    19 | D        | Reached skill level 15 in Stealth
    19 | D        | Gained mutation: Your thick and shaggy fur keeps you warm.
                  | (AC +3, rC+) [Felid growth]
    19 | D        | Reached XP level 12. HP: 44/44 MP: 5/43
    19 | D        | Reached XP level 13. HP: 47/47 MP: 5/44
    19 | D        | Killed a meat berserker
    19 | D        | Noticed a large bag of meat
    19 | D        | Noticed a destroyer
    19 | D        | Noticed a destroyer
    20 | D        | Reached skill level 27 in Spellcasting
    20 | D        | Noticed a bag of meat
    20 | D        | Noticed a meat berserker
    21 | D        | Noticed a destroyer
    21 | D        | Noticed a bag of meat
    21 | D        | Noticed a bag of meat
    22 | D        | Noticed a large bag of meat
    22 | D        | Noticed a bag of meat
    24 | D        | Killed a destroyer
    24 | D        | Annihilated by a destroyer
    25 | D        | Reached XP level 12. HP: -168/48 MP: 6/44
    25 | D        | Reached skill level 10 in Unarmed Combat
    25 | D        | Reached skill level 5 in Conjurations
    25 | D        | Reached skill level 5 in Summonings
    25 | D        | Reached XP level 13. HP: 55/55 MP: 45/45
    25 | D        | Noticed a bag of meat
    25 | D        | Noticed a meat berserker
    25 | D        | Noticed a meat berserker
    25 | D        | Killed a bag of meat
    25 | D        | Noticed a bag of meat
    26 | D        | Reached XP level 14. HP: 61/61 MP: 46/46
    26 | D        | Killed a bag of meat
    26 | D        | Noticed a meat berserker
    26 | D        | Noticed a bag of meat
    26 | D        | Noticed a meat berserker
    27 | D        | Reached skill level 5 in Translocations
    27 | D        | Killed a meat berserker
    27 | D        | Noticed a bag of meat
    27 | D        | Noticed a bag of meat
    27 | D        | Annihilated by a large bag of meat
    28 | D        | Reached XP level 13. HP: -67/58 MP: 45/45
    28 | D        | Reached skill level 10 in Fighting
    28 | D        | Reached skill level 27 in Dodging
    28 | D        | Reached skill level 27 in Stealth
    28 | D        | Reached skill level 15 in Unarmed Combat
    28 | D        | Reached XP level 14. HP: 66/66 MP: 46/46
    28 | D        | Noticed a large bag of meat
    28 | D        | Noticed a bag of meat
    28 | D        | Noticed a bag of meat
    28 | D        | Noticed a bag of meat
    28 | D        | Noticed a bag of meat
    28 | D        | Noticed a bag of meat
    28 | D        | Noticed a bag of meat
    28 | D        | Noticed a bag of meat
    28 | D        | Noticed a bag of meat
    30 | D        | Noticed a bag of meat
    31 | D        | Noticed a large bag of meat
    31 | D        | Noticed a bag of meat
    32 | D        | Noticed a sculptor of flesh
    32 | D        | Noticed a bag of meat
    33 | D        | Noticed a meat berserker
    33 | D        | Killed a large bag of meat
    33 | D        | Noticed a bag of meat
    34 | D        | Noticed a bag of meat
    34 | D        | Noticed a bag of meat
    34 | D        | Noticed a bag of meat
    34 | D        | Noticed a bag of meat
    34 | D        | Noticed a destroyer
    35 | D        | Noticed a bag of meat
    35 | D        | Noticed a destroyer
    35 | D        | Noticed a bag of meat
    37 | D        | Noticed a bag of meat
    37 | D        | Noticed a bag of meat
    37 | D        | Noticed a bag of meat
    39 | D        | Noticed a bag of meat
    42 | D        | Noticed a destroyer
    42 | D        | Killed a bag of meat
    42 | D        | Noticed a destroyer
    43 | D        | Killed a meat berserker
    44 | D        | Reached skill level 15 in Fighting
    44 | D        | Reached skill level 10 in Translocations
    44 | D        | Reached XP level 15. HP: 17/77 MP: 47/47
    44 | D        | Annihilated by a bag of meat
    45 | D        | Reached XP level 14. HP: -24/73 MP: 46/46
    45 | D        | Noticed a meat berserker
    46 | D        | Noticed a bag of meat
    46 | D        | Noticed a bag of meat
    46 | D        | Noticed a bag of meat
    46 | D        | Noticed a destroyer
    47 | D        | Noticed a bag of meat
    48 | D        | Noticed a bag of meat
    48 | D        | Noticed a sculptor of flesh
    49 | D        | Noticed a bag of meat
    49 | D        | Noticed a bag of meat
    50 | D        | Killed a meat berserker
    50 | D        | Noticed a sculptor of flesh
    51 | D        | Reached skill level 10 in Summonings
    51 | D        | Reached XP level 15. HP: 6/80 MP: 47/47
    52 | D        | Reached skill level 27 in Unarmed Combat
    56 | D        | Reached skill level 15 in Translocations
    56 | D        | Noticed a meat berserker
    57 | D        | Noticed an accursed
    57 | D        | Killed a sculptor of flesh
    58 | D        | Killed a meat berserker
    58 | D        | Noticed The Captor
    58 | D        | Mangled by a bag of meat
    59 | D        | Reached XP level 14. HP: -6/87 MP: 46/46
    59 | D        | Reached skill level 15 in Summonings
    59 | D        | Reached XP level 15. HP: 94/94 MP: 47/47
    59 | D        | Noticed a meat berserker
    59 | D        | Noticed a sculptor of flesh
    59 | D        | Noticed a tyrant
    59 | D        | Noticed a sculptor of flesh
    59 | D        | Noticed a destroyer
    59 | D        | Noticed a destroyer
    59 | D        | Noticed a meat beast
    60 | D        | Noticed an accursed
    61 | D        | Noticed a tyrant
    62 | D        | Killed a meat berserker
    63 | D        | Reached skill level 27 in Fighting
    63 | D        | Killed a meat berserker
    64 | D        | Reached XP level 16. HP: 68/100 MP: 48/48
    64 | D        | Killed a meat beast
    65 | D        | Reached skill level 27 in Summonings
    65 | D        | Reached skill level 27 in Translocations
    65 | D        | Reached XP level 17. HP: 71/104 MP: 49/49
    65 | D        | Noticed a meat beast
    65 | D        | Noticed a tentacled monstrosity
    65 | D        | Killed a destroyer
    65 | D        | Noticed a meat berserker
    66 | D        | Killed a destroyer
    66 | D        | Noticed an accursed
    66 | D        | Annihilated by a large bag of meat
    67 | D        | Reached XP level 16. HP: -70/100 MP: 48/48
    67 | D        | Reached skill level 10 in Conjurations
    67 | D        | Reached skill level 10 in Necromancy
    67 | D        | Reached skill level 10 in Evocations
    67 | D        | Reached XP level 17. HP: 104/104 MP: 49/49
    67 | D        | Noticed a meat berserker
    68 | D        | Reached skill level 10 in Invocations
    68 | D        | Killed a destroyer
    69 | D        | Reached skill level 10 in Fire Magic
    69 | D        | Reached skill level 10 in Ice Magic
    69 | D        | Reached skill level 10 in Air Magic
    69 | D        | Reached skill level 10 in Earth Magic
    69 | D        | Reached skill level 10 in Poison Magic
    69 | D        | Reached skill level 10 in Shapeshifting
    69 | D        | Killed The Captor
    70 | D        | Reached skill level 15 in Invocations
    70 | D        | Reached XP level 18. HP: 86/109 MP: 50/50
    70 | D        | Reached XP level 19. HP: 90/113 MP: 51/51
    72 | D        | Reached skill level 15 in Fire Magic
    72 | D        | Reached skill level 15 in Ice Magic
    72 | D        | Reached skill level 15 in Air Magic
    72 | D        | Reached skill level 15 in Earth Magic
    72 | D        | Reached skill level 15 in Poison Magic
    72 | D        | Reached skill level 15 in Shapeshifting
    73 | D        | Killed a meat berserker
    76 | D        | Noticed a meat berserker
    76 | D        | Slain by a sculptor of flesh
    77 | D        | Reached XP level 18. HP: -3/109 MP: 50/50
    77 | D        | Noticed a destroyer
    81 | D        | Noticed a dread
    81 | D        | Noticed a meat berserker
    82 | D        | Noticed a meat beast
    83 | D        | Noticed a destroyer
    83 | D        | Noticed a destroyer
    83 | D        | Noticed a meat berserker
    83 | D        | Noticed a meat beast
    84 | D        | Killed a destroyer
    84 | D        | Noticed a dread
    85 | D        | Reached XP level 19. HP: 58/113 MP: 51/51
    85 | D        | Killed a meat berserker
    87 | D        | Killed a destroyer
    87 | D        | Killed from afar by a dread

Illustrated notes

Levels and vault maps discovered:
D:        meatsprint

Skill      XL: |  1  2  3  4  5  6  7  8  9 10 11 12 13 14 15 16 17 18 19 |
---------------+----------------------------------------------------------+-----
Dodging        | 13 15 17 24 27 26 | 27.0
Stealth        | 11 13 15 23 27 25 | 27.0
Unarmed Combat | 2 3 4 10 15 26 27 | 27.0
Spellcasting   | 20 22 26 27 | 27.0
Conjurations   | 2 3 5 4 10 16 18 19 | 19.0
Summonings     | 2 3 5 7 15 20 27 | 27.0
Fighting       | 6 10 26 27 | 27.0
Translocations | 3 7 19 26 27 | 27.0
Hexes          | 14 22 26 25 | 26.7
Necromancy     | 10 16 19 18 | 19.7
Transmutations | 11 18 21 20 | 21.3
Fire Magic     | 8 14 17 16 | 17.3
Ice Magic      | 8 14 17 16 | 17.3
Air Magic      | 8 14 17 16 | 17.3
Earth Magic    | 8 14 17 16 | 17.3
Poison Magic   | 8 14 17 16 | 17.3
Invocations    | 9 15 18 17 | 18.7
Evocations     | 10 17 20 | 20.2
Shapeshifting  | 8 14 17 16 | 17.3

Action                     |  1- 3 |  4- 6 |  7- 9 | 10-12 | 13-15 | 16-18 | 19-21 || total
---------------------------+-------+-------+-------+-------+-------+-------+-------++-------
  Melee: Unarmed           |     1 |       |       |     2 |    18 |     7 |    10 ||    38
    Use: Potion            |     1 |       |       |       |     3 |       |       ||     4
         Scroll            |       |       |       |       |     1 |       |       ||     1
  Dodge: Dodged            |       |       |       |     1 |     6 |     4 |       ||    11

Table legend: (Time is in decaauts)
 A = Elapsed time spent in this place.
 B = Non-inter-level travel time spent in this place.
 C = Inter-level travel time spent in this place.
 D = Time resting spent in this place.
 E = Time spent auto-exploring this place.
 F = Levels seen in this place.
 G = Mean time per level.
                   A        B        C        D        E       F      G
               +--------+--------+--------+--------+--------+-----+--------+
         Total |     58 |     58 |      0 |      0 |      0 |   1 |   58.0 |
       Dungeon |     58 |     58 |      0 |      0 |      0 |   1 |   58.0 |
               +--------+--------+--------+--------+--------+-----+--------+

Top non-repeatable levels by time:
       D: 58 daAuts
